 Dungeon Crawl Stone Soup version 0.19.0-20-gbc5f0c6 (webtiles) character file.

6123 nikopol the Basher (level 10, -5/96 HPs)
             Began as a Gargoyle Berserker on Nov 17, 2016.
             Was a High Priest of Trog.
             Slain by a komodo dragon (9 damage)
             ... on level 1 of the Lair of Beasts.
             The game lasted 00:23:43 (9460 turns).

nikopol the Basher (Gargoyle Berserker)             Turns: 9460, Time: 00:23:44

Health: -5/96      AC: 26    Str: 29    XL:     10   Next: 89%
Magic:  10/10      EV: 14    Int:  9    God:    Trog [*****.]
Gold:   600        SH:  0    Dex: 11    Spells: 0 memorised, 9 levels left

rFire  + + +     SeeInvis .     a - +2 mace (protect)
rCold  + . .     Gourm    .     i - +0 ring mail
rNeg   + . .     Faith    .     (no shield)
rPois  ∞         Spirit   .     (no helmet)
rElec  +         Reflect  .     n - +0 cloak
rCorr  .         Harm     +     v - +2 pair of gloves {Str+3}
MR     ++...                    l - +0 pair of boots of Broken Taboos {rF+++ MR+}
Stlth  ..........               E - amulet of harm
                                D - ring of protection from cold
                                C - ring of protection from magic

@: berserking, protection aura, very quick
A: negative energy resistance 1, electricity resistance, unbreathing,
petrification resistance, rot immunity, AC +7
a: Berserk, Trog's Hand, Brothers in Arms, Burn Spellbooks, Renounce Religion


You were on level 1 of the Lair of Beasts.
You worshipped Trog.
Trog was extremely pleased with you.
You were very hungry.

You visited 2 branches of the dungeon, and saw 9 of its levels.
You also visited: Sewer.

You collected 600 gold pieces.

Inventory:

Hand Weapons
 a - a +2 mace of protection (weapon)
 b - a +4 antimagic great mace
 z - a +1 shortbow
Missiles
 h - 151 arrows (quivered)
Armour
 i - a +0 ring mail (worn)
 l - the +0 pair of boots of Broken Taboos (worn) {rF+++ MR+}
   (You acquired it on level 1 of the Lair of Beasts)

   It renders you almost immune to fire.
   It affects your resistance to hostile enchantments.
 n - a +0 cloak (worn)
 p - a +1 pair of boots
 v - a +2 pair of gloves of strength (worn)
 y - a +1 pair of gloves
Jewellery
 f - an uncursed ring of flight {unknown}
 C - a ring of protection from magic (left hand)
 D - a ring of protection from cold (right hand)
 E - an amulet of harm (around neck)
 U - an uncursed ring of resist corrosion {unknown}
 X - an uncursed ring of wizardry {unknown}
Wands
 u - a wand of flame (21/48)
 L - a wand of lightning (15/15)
Scrolls
 e - 6 scrolls of magic mapping
 g - 5 scrolls of remove curse
 k - a scroll of enchant armour
 m - a scroll of recharging
 o - a scroll of fog
 w - 3 scrolls of blinking
 B - a scroll of enchant weapon
 O - a scroll of teleportation
Potions
 d - 2 potions of heal wounds {unknown}
 j - a potion of agility {unknown}
 r - 3 potions of curing
 s - a potion of flight {unknown}
 t - 2 potions of resistance {unknown}
 x - a potion of berserk rage {unknown}
 G - 2 potions of ambrosia {unknown}
 H - 2 potions of might {unknown}
 J - a potion of magic {unknown}
 R - a potion of brilliance {unknown}
 S - a potion of degeneration {unknown}
 W - a potion of mutation {unknown}
Comestibles
 c - 7 bread rations
 q - 5 meat rations
 I - 9 slices of pizza
 K - 2 royal jellies
 M - 3 beef jerkies
 N - 10 fruits


   Skills:
 + Level 8.2 Fighting
 * Level 8.9 Maces & Flails
 * Level 7.0 Bows
 + Level 7.9 Armour
 + Level 5.7 Dodging


You had 9 spell levels left.
You didn't know any spells.

Dungeon Overview and Level Annotations

Branches:
Dungeon (8/15)             Temple (0/1) D:4            Lair (1/6) D:8

Altars:
Ashenzari
Makhleb
Vehumet
Xom

Shops:
D:6 =   D:8 *


Innate Abilities, Weirdness & Mutations

You are resistant to torment.
Your stone body is resilient. (AC +7)
You are immune to poison.
You resist negative energy. (rN+)
You are resistant to electric shocks. (rElec)
You can survive without breathing.
You are immune to petrification.
You are immune to rotting.


Message History

The komodo dragon bites you!
You hit the komodo dragon.
The komodo dragon is moderately wounded.
The komodo dragon hisses menacingly.
The komodo dragon bites you!
* * * LOW HITPOINT WARNING * * *
You are too injured to fight recklessly!
You are too injured to fight recklessly!
A red film seems to cover your vision as you go berserk!
You feel yourself moving faster!
You feel mighty!
You are feeling very hungry.
The komodo dragon bites you!!
* * * LOW HITPOINT WARNING * * *
Your ring mail prevents you from hitting the komodo dragon.
The komodo dragon is moderately wounded.
The komodo dragon bites you but does no damage.
You barely miss the komodo dragon.
The komodo dragon is moderately wounded.
The komodo dragon bites you!
You die...

.....#.####'######
..+#.## ...(####
#P.##### #.. ## #####
##.....### #.# ##
###.##..# .# .#.#
#.###...# ..# ##.....>.#
..#.. #..(.....#
...#.####.....#...###...
............###l@.......
#....8.....#........#...
##.......##.(...........
##.8...8.####+#.####....
#........## # ..# %...
#....8....#.##.## ..
.....?......##. .
.÷.#/###....##. .#####
##.......


You could see a komodo dragon.

Vanquished Creatures
  2 spiny frogs (Lair:1)
  A komodo dragon (Lair:1)
  A two-headed ogre (D:8)
  Prince Ribbit (D:6)
  2 hippogriffs (Lair:1)
  3 hogs (D:7)
  A human (D:7)
  A yak (D:7)
  A basilisk (Lair:1)
  A wyvern (D:8)
  Menkaure (D:7)
  A water moccasin (D:8)
  A porcupine (Lair:1)
  A hornet zombie (D:8)
  2 sky beasts
  2 orc warriors (D:8)
  2 ice beasts (D:7)
  4 ogres
  A centaur (D:6)
  A crocodile (D:8)
  2 big kobolds
  10 bullfrogs
  A water moccasin zombie (D:7)
  2 scorpions
  4 crimson imps
  A bullfrog zombie (D:6)
  A quasit (D:7)
  2 hounds
  An orc priest (D:5)
  A bullfrog skeleton (D:3)
  Natasha (thrice) (D:4)
  An iguana (D:4)
  7 orc wizards
  4 worker ants
  A hound skeleton (D:4)
  A worker ant zombie (D:7)
  15 adders
  8 gnolls
  A river rat (D:8)
  A shadow imp (D:7)
  10 oozes
  2 worms (D:2)
  A dart slug (D:1)
  18 leopard geckos
  21 orcs
  9 ball pythons
  18 giant cockroaches
  8 goblins
  7 hobgoblins
  15 jackals
  24 kobolds
  3 quokkas
  A ball python zombie (D:5)
  14 bats
  16 frilled lizards
  2 leopard gecko skeletons
  A leopard gecko zombie (D:8)
  A quokka skeleton (D:4)
  23 rats
  8 fungi
  3 plants (D:8)
302 creatures vanquished.

Vanquished Creatures (others)
  A fungus (D:8)
1 creature vanquished.

Grand Total: 303 creatures vanquished

Notes
Turn   | Place    | Note
-------+----------+-------------------------------------------
     0 | D:1      | nikopol the Gargoyle Berserker began the quest for the Orb.
     0 | D:1      | Reached XP level 1. HP: 14/14 MP: 1/1
   256 | D:1      | Reached XP level 2. HP: 8/19 MP: 2/2
   815 | D:1      | Reached XP level 3. HP: 23/23 MP: 3/3
  1056 | D:1      | Reached ** piety under Trog
  1070 | D:1      | Found a shattered altar of Ashenzari.
  1356 | D:2      | Reached XP level 4. HP: 22/29 MP: 4/4
  2088 | D:3      | Reached XP level 5. HP: 28/33 MP: 5/5
  2161 | D:3      | Reached *** piety under Trog
  2201 | D:3      | Found a glowing drain.
  2210 | Sewer    | Entered a sewer
  2468 | Sewer    | Reached XP level 6. HP: 39/39 MP: 6/6
  2581 | Sewer    | Reached **** piety under Trog
  2827 | Sewer    | Reached skill level 5 in Fighting
  3496 | D:3      | Reached XP level 7. HP: 38/44 MP: 7/7
  4058 | D:4      | Noticed Natasha
  4076 | D:4      | Killed Natasha
  4287 | D:4      | Reached skill level 5 in Maces & Flails
  4491 | D:4      | Found a staircase to the Ecumenical Temple.
  4495 | D:4      | Reached skill level 5 in Armour
  4518 | D:4      | Reached ***** piety under Trog
  4585 | D:4      | Noticed Natasha
  4601 | D:4      | Killed Natasha
  4875 | D:4      | Noticed Natasha
  4885 | D:4      | Killed Natasha
  4924 | D:5      | Entered Level 5 of the Dungeon
  4971 | D:5      | Received a gift from Trog
  5090 | D:5      | Found a shimmering altar of Xom.
  5315 | D:5      | Reached XP level 8. HP: 51/51 MP: 8/8
  5390 | D:5      | Found a burning altar of Makhleb.
  5546 | D:6      | Noticed Prince Ribbit
  5754 | D:6      | Reached skill level 1 in Bows
  5996 | D:6      | Killed Prince Ribbit
  6065 | D:6      | Reached XP level 9. HP: 50/56 MP: 9/9
  6171 | D:6      | Found Macrirhiomu's Jewellery Boutique.
  6907 | D:7      | Noticed Menkaure
  6916 | D:7      | Killed Menkaure
  7352 | D:7      | Reached skill level 5 in Dodging
  7360 | D:7      | Reached skill level 5 in Bows
  7363 | D:7      | Reached XP level 10. HP: 63/63 MP: 10/10
  7670 | D:8      | Received a gift from Trog
  7851 | D:8      | Found Kyufegent's General Store.
  8188 | D:8      | Received a gift from Trog
  8260 | D:8      | Found a staircase to the Lair.
  8600 | Lair:1   | Entered Level 1 of the Lair of Beasts
  8777 | Lair:1   | Identified a scroll of acquirement
  8778 | Lair:1   | Got a pair of spiked boots
  8789 | Lair:1   | Identified the +0 pair of boots of Broken Taboos {rF+++ MR+} (You acquired it on level 1 of the Lair of Beasts)
  8808 | Lair:1   | Noticed a spiny frog
  8826 | Lair:1   | Killed a spiny frog
  9061 | Lair:1   | Found a radiant altar of Vehumet.
  9291 | Lair:1   | Noticed a spiny frog
  9303 | Lair:1   | Killed a spiny frog
  9458 | Lair:1   | HP: 4/96 [komodo dragon (24)]
  9460 | Lair:1   | Slain by a komodo dragon

Skill      XL: |  1  2  3  4  5  6  7  8  9 10 |
---------------+-------------------------------+-----
Armour         | 3 4 5 6 7 |  7.9
Fighting       | 4 5 6 7 8 |  8.2
Dodging        | 2 3 4 5 |  5.7
Maces & Flails | 4 5 6 7 8 |  8.9
Bows           | 3 5 7 |  7.0

Action                   |  1- 3 |  4- 6 |  7- 9 | 10-12 || total
-------------------------+-------+-------+-------+-------++-------
Melee: Mace              |   106 |   399 |   204 |   226 ||   935
       Flail             |       |    22 |   105 |       ||   127
       Great mace        |       |       |    14 |       ||    14
 Fire: Shortbow          |       |       |   116 |    92 ||   208
Invok: Berserk           |     1 |     2 |     2 |     2 ||     7
       Burn Spellbooks   |       |       |     1 |     1 ||     2
  Use: Scroll            |       |     1 |       |    14 ||    15
  Eat: Chunk             |     3 |     9 |    13 |     8 ||    33
       Beef jerky        |       |       |     1 |       ||     1
Armor: Animal skin       |    10 |       |       |       ||    10
       Ring mail         |    30 |   329 |   193 |    78 ||   630
Dodge: Dodged            |    78 |   415 |   237 |   107 ||   837
